 Dungeon Crawl Stone Soup version 0.15-a0-1253-g15b4f57 (webtiles) character file.

72901 MDvedh the Brawler (level 15, -3/149 HPs)
             Began as a Troll Monk on June 4, 2014.
             Was the Champion of Cheibriados.
             Slain by a hill giant
             ... wielding a cursed -1,+0 giant club
              (11 damage)
             ... on Level 3 of the Orcish Mines.
             The game lasted 01:03:08 (19538 turns).

MDvedh the Brawler (Troll Monk)                    Turns: 19538, Time: 01:03:08

HP  -3/149       AC 10     Str 39 (40) XL: 15   Next:  2%
MP  12/22        EV 23     Int 24      God: Cheibriados [******]
Gold 1432        SH  0     Dex 30      Spells:  1 memorised, 10 levels left

rFire  + . .     SeeInvis .       - Unarmed
rCold  . . .     Clarity  +     W - +2 robe {MR+}
rNeg   . . .     rCorr    .     (shield restricted)
rPois  +         rRot     .     l - +2 hat of the Imp {Int+3}
rElec  .         Spirit   .     Q - +0 cloak
SustAb .         Warding  .     (gloves unavailable)
rMut   .         Stasis   .     (boots unavailable)
Gourm  +                        N - amulet of clarity
MR     ++...                    C - ring of protection from fire
                                o - ring of poison resistance

@: about to teleport, very slow, very resistant to hostile enchantments, fairly
stealthy
A: unfitting armour, claws 3, deterioration 1, fast metabolism 3, gourmand,
sense surroundings 1, regeneration 3, saprovore 2, shaggy fur 1, spit poison 1,
tough skin 2
a: Spit Poison, Bend Time, Temporal Distortion, Slouch, Step From Time, Renounce
Religion


You were on level 3 of the Orcish Mines.
You worshipped Cheibriados.
Cheibriados was exalted by your worship.
You were very full.

You visited 3 branches of the dungeon, and saw 23 of its levels.

You collected 1733 gold pieces.
You spent 301 gold pieces at shops.

Inventory:

Armour
 l - the +2 hat of the Imp (worn) {Int+3}
   (You found it on level 1 of the Lair of Beasts)

   It affects your intelligence (+3).
 Q - a +0 cloak (worn)
 W - a +2 robe of magic resistance (worn)
Magical devices
 a - a wand of cold (9)
 s - a wand of polymorph (9)
 w - a wand of fireball (0)
 D - a wand of magic darts (10)
 F - a wand of draining (3)
 G - a wand of flame (13)
 H - a wand of lightning (0)
 P - a wand of confusion (18) {unknown}
 S - a wand of digging (10)
 V - a wand of draining (4)
Comestibles
 b - 6 meat rations
 h - 6 beef jerkies
 n - 22 fruits
 q - 8 slices of pizza
 A - 11 bread rations
 L - 11 royal jellies
Scrolls
 e - a scroll of immolation
 g - 17 scrolls of identify
 i - 7 scrolls of teleportation
 k - 3 scrolls of enchant weapon I
 m - 2 scrolls of summoning
 p - 11 scrolls of remove curse
 u - 4 scrolls of fog
 y - 3 scrolls of enchant weapon II
 E - 4 scrolls of magic mapping
 K - 4 scrolls of amnesia
Jewellery
 c - an uncursed amulet of guardian spirit
 f - an uncursed ring of magical power
 o - a ring of poison resistance (left claw)
 C - a ring of protection from fire (right claw)
 J - an uncursed amulet of warding
 N - an amulet of clarity (around neck)
 O - an uncursed ring of fire
 R - an uncursed ring of ice
 T - an uncursed amulet of stasis
 U - a +3 ring of intelligence
 X - an uncursed ring of ice
 Y - an uncursed ring of flight
Potions
 d - a potion of cure mutation {unknown}
 j - 7 potions of restore abilities
 r - 9 potions of curing
 v - a potion of agility
 x - 6 potions of brilliance
 I - a potion of invisibility
Books
 t - a book of Enchantments

   Spells                             Type                      Level
   Tukima's Dance                     Hexes                        3
   Cause Fear                         Hexes                        4
   Silence                            Hexes/Air                    5
   Deflect Missiles                   Charms/Air                   6
   Haste                              Charms                       6
   Discord                            Hexes                        8
 B - a book of Debilitation

   Spells                             Type                      Level
   Corona                             Hexes                        1
   Slow                               Hexes                        2
   Inner Flame                        Hexes/Fire                   3
   *Enslavement                       Hexes                        4
   Cause Fear                         Hexes                        4
   Leda's Liquefaction                Hexes/Earth                  4
 M - the Papyrus of Helpful Dislocation
   (You found it on level 2 of the Lair of Beasts)

   Spells                             Type                      Level
   Infusion                           Charms                       1
   Apportation                        Translocation                1
   Iskenderun's Battlesphere          Conjuration/Charms           5
   Phase Shift                        Translocation                5
   Disjunction                        Translocation                8
Miscellaneous
 z - a legendary deck of escape {the Tomb}


   Skills:
 + Level 9.9 Fighting
 - Level 3.0 Armour
 + Level 11.2 Dodging
 - Level 1.1 Stealth
 - Level 17.0 Unarmed Combat
 + Level 8.1 Invocations
 - Level 5.0 Evocations


You had 10 spell levels left.
You knew the following spells:

 Your Spells              Type           Power        Failure   Level  Hunger
a - Enslavement           Hex            #.......     97%         4    #####..


Dungeon Overview and Level Annotations

Branches:
Dungeon (12/15)            Temple (0/1) D:7             Orc (3/4) D:11
   Lair (8/8) D:9           Swamp (0/5) Lair:3       Spider (0/5) Lair:5
  Slime (0/6) Lair:6
    Elf: Orc:3-4

Altars:
Cheibriados
Fedhas
Gozag
Makhleb
Okawaru
Trog
Vehumet
Zin
The Shining One
Beogh
Jiyva

Shops:
D:4 *   D:10 [

Annotations:
D:8 exclusions: ice statue, silver statue and statue


Innate Abilities, Weirdness & Mutations

You are too large for most types of armour.
You have claws for hands.
Your metabolism is lightning-fast.
You like to eat raw meat.
You regenerate.
You can eat rotten meat.
You are covered in fur (AC +1).
You have very tough skin (AC +2).
Your body is slowly deteriorating.
You passively map a small area around you.
You can spit poison.


Message History

Unknown command.
Use which ability? (? or * to list)
You can feel time thicken for a moment.
You kill the orc!
Cheibriados appreciates the change of pace.
You feel somewhat less full. The fire giant completely misses you.
Unknown command.
Unknown command.
Unknown command.
Use which ability? (? or * to list)
You can feel time thicken for a moment.
You kill the warg!
Cheibriados appreciates the change of pace.
You feel somewhat less full.
The hill giant hits you with a giant club!
* * * LOW HITPOINT WARNING * * *
The hill giant closely misses you. The cyclops hits you!
* * * LOW HITPOINT WARNING * * *
The hill giant hits you with a giant club!
You die...

* #####..)))...####P.≈≈≈≈
, ####.)..).....≈≈≈§≈ *'
####################C#
.......# * * ####* ###
(.......# #.., , *,
........', ,,#.#* ####
.......)# ####'#####...
.......CC####)(......#.).
.......C@)))')).(....'.).
.......CC####........#.).
######### #############


You could see a fire giant, 3 hill giants and a cyclops.

Vanquished Creatures
  An orc warlord (Orc:3)
  6 dire elephants (Lair:8)
  The ghost of Regen the Grappler, a powerful TrMo of Cheibriados (Lair:7)
  Snorg (Lair:3)
  Josephine (D:11)
  Fannar (D:11)
  4 hydras
  Erica (D:10)
  An anaconda (Lair:8)
  6 death yaks (Lair:8)
  Urug (D:11)
  A centaur warrior (D:10)
  Nergalle (D:10)
  The ghost of Somebody the Skirmisher, an experienced DrCj of Ashenzari (D:8)
  Erolcha (D:11)
  A catoblepas (Lair:3)
  2 unseen horrors
  10 hill giants
  Joseph (D:10)
  A griffon (D:9)
  12 elephants
  3 cyclopes (Orc:3)
  6 black mambas
  7 spiny frogs
  9 komodo dragons
  Psyche (D:11)
  2 fire drakes
  2 polar bears
  2 trolls
  2 boulder beetles (Lair:3)
  A basilisk (Lair:5)
  2 deep elf magi
  5 blink frogs (Lair:7)
  3 two-headed ogres
  A brown ooze (Lair:6)
  5 wyverns
  4 redbacks (Lair:6)
  43 yaks
  8 sharks
  7 ugly things (D:12)
  A hill giant zombie (D:11)
  A wraith (D:12)
  10 hippogriffs
  2 hungry ghosts
  A hill giant skeleton (D:7)
  A steam dragon (D:11)
  9 wargs
  Edmund (D:6)
  26 wolves
  9 water moccasins
  11 orc warriors
  10 porcupines
  10 centaurs
  4 black bears
  11 ogres
  3 sky beasts
  4 ice beasts
  5 phantoms
  A lava worm (Orc:3)
  2 boring beetles
  20 giant frogs
  18 crocodiles
  3 big kobolds
  A wyvern zombie (D:9)
  A komodo dragon skeleton (D:11)
  9 scorpions
  An eye of draining (D:7)
  5 killer bees (D:10)
  2 electric eels
  4 wights (D:8)
  7 crimson imps
  A goliath beetle (D:6)
  A quasit (D:9)
  A giant frog zombie (D:10)
  Crazy Yiuf (D:5)
  5 big fish
  14 orc priests
  23 orc wizards
  A yellow wasp zombie (D:6)
  A centaur skeleton (D:11)
  2 orange rats (D:7)
  13 jellies
  A black bear skeleton (D:9)
  5 worker ants
  10 hounds
  10 iguanas
  15 sheep
  An ogre zombie (D:9)
  Ijyb (D:2)
  Jessica (D:2)
  A kobold simulacrum (D:11)
  2 ogre skeletons
  A big kobold skeleton (D:11)
  A hound skeleton (D:10)
  4 gnolls (D:6)
  25 adders
  A big kobold simulacrum (D:11)
  59 green rats
  2 shadow imps (D:7)
  4 giant mites
  4 worms
  An adder skeleton (D:6)
  13 giant geckos
  17 oozes
  123 orcs
  14 bats
  A bat zombie (D:6)
  3 giant cockroaches
  11 goblins
  21 hobgoblins
  22 jackals
  11 quokkas
  5 giant newts
  2 giant spores
  A hobgoblin skeleton (D:8)
  33 kobolds
  A kobold skeleton (D:7)
  An orc zombie (D:10)
  37 rats
  4 ballistomycetes
  2 plants (Lair:8)
895 creatures vanquished.

Vanquished Creatures (collateral kills)
  A hydra (Lair:8)
1 creature vanquished.

Vanquished Creatures (others)
  8 fungi
  4 plants
12 creatures vanquished.

Grand Total: 908 creatures vanquished

Notes
Turn   | Place    | Note
--------------------------------------------------------------
     0 | D:1      | MDvedh, the Troll Monk, began the quest for the Orb.
     0 | D:1      | Reached XP level 1. HP: 22/22 MP: 1/1
   293 | D:1      | Reached XP level 2. HP: 25/29 MP: 1/1
   739 | D:2      | Reached skill level 5 in Unarmed Combat
   740 | D:2      | Reached XP level 3. HP: 28/36 MP: 2/2
   814 | D:2      | Noticed Ijyb
   832 | D:2      | Killed Ijyb
  1108 | D:2      | Noticed Jessica
  1114 | D:2      | Killed Jessica
  1114 | D:2      | Reached XP level 4. HP: 35/44 MP: 2/2
  1512 | D:3      | Reached skill level 6 in Unarmed Combat
  1534 | D:3      | Reached XP level 5. HP: 36/50 MP: 2/2
  1877 | D:3      | Reached skill level 7 in Unarmed Combat
  2369 | D:4      | Reached XP level 6. HP: 53/59 MP: 3/3
  2558 | D:4      | Found Gongaota's General Store.
  2561 | D:4      | Bought a cursed ring of loudness for 54 gold pieces
  2797 | D:4      | Found a snail-covered altar of Cheibriados.
  2839 | D:5      | Entered Level 5 of the Dungeon
  2961 | D:5      | Reached skill level 8 in Unarmed Combat
  3058 | D:4      | Became a worshipper of Cheibriados the Contemplative
  3086 | D:5      | Found a blossoming altar of Fedhas.
  3096 | D:5      | Found a glowing golden altar of the Shining One.
  3117 | D:5      | Noticed Crazy Yiuf
  3120 | D:5      | Killed Crazy Yiuf
  3120 | D:5      | Reached XP level 7. HP: 66/66 MP: 3/3
  3227 | D:5      | Reached skill level 9 in Unarmed Combat
  3679 | D:6      | HP: 3/66 [gnoll/spear (1)]
  3681 | D:6      | Gained mutation: Your body is slowly deteriorating. [potion of mutation]
  3681 | D:6      | Gained mutation: You can spit poison. [potion of mutation]
  3681 | D:6      | Gained mutation: You are clumsy. (Dex -2) [potion of mutation]
  3755 | D:6      | Reached XP level 8. HP: 41/74 MP: 3/3
  3772 | D:6      | Found an iron altar of Okawaru.
  3791 | D:6      | Acquired Cheibriados' first power
  3797 | D:6      | Found a burning altar of Makhleb.
  4005 | D:6      | Reached skill level 10 in Unarmed Combat
  4049 | D:6      | Reached skill level 5 in Dodging
  4224 | D:6      | Noticed Edmund
  4232 | D:6      | Killed Edmund
  4232 | D:6      | Reached XP level 9. HP: 74/80 MP: 4/4
  4422 | D:6      | Acquired Cheibriados' second power
  4462 | D:7      | Found a staircase to the Ecumenical Temple.
  4601 | D:7      | Reached skill level 11 in Unarmed Combat
  5227 | D:7      | Acquired Cheibriados' third power
  5238 | D:7      | Reached skill level 1 in Evocations
  5497 | D:7      | Found a bloodstained altar of Trog.
  5649 | D:8      | Lost mutation: You are clumsy. (Dex -2) [potion of mutation]
  5649 | D:8      | Gained mutation: You passively map a small area around you. [potion of mutation]
  5649 | D:8      | Gained mutation: You regenerate. [potion of mutation]
  5815 | D:8      | Reached skill level 12 in Unarmed Combat
  5815 | D:8      | Reached XP level 10. HP: 47/88 MP: 10/10
  5880 | D:8      | Noticed an ice statue
  6017 | D:8      | Found a radiant altar of Vehumet.
  6103 | D:8      | Noticed Somebody's ghost (experienced DrCj)
  6113 | D:8      | Killed Somebody's ghost
  6284 | D:8      | Reached skill level 5 in Evocations
  6303 | D:8      | Found a glowing silver altar of Zin.
  6393 | D:8      | Noticed a silver statue
  6655 | D:9      | Noticed a griffon
  6657 | D:9      | Killed a griffon
  6657 | D:9      | Reached skill level 13 in Unarmed Combat
  7069 | D:9      | Found a staircase to the Lair.
  7270 | D:10     | Entered Level 10 of the Dungeon
  7312 | Lair:1   | Entered Level 1 of the Lair of Beasts
  7379 | Lair:1   | Reached XP level 11. HP: 82/101 MP: 13/13
  7387 | Lair:1   | Reached skill level 5 in Fighting
  7496 | Lair:1   | Got a steaming hat
  7499 | Lair:1   | Identified the +2 hat of the Imp {Int+3} (You found it on level 1 of the Lair of Beasts)
  8518 | Lair:1   | Learned a level 4 spell: Enslavement
  8707 | Lair:2   | Reached skill level 14 in Unarmed Combat
  8765 | Lair:2   | Noticed a four-headed hydra
  8772 | Lair:2   | Killed a four-headed hydra
  9278 | Lair:2   | Identified the Papyrus of Helpful Dislocation
  9612 | Lair:3   | Noticed a catoblepas
  9624 | Lair:3   | Killed a catoblepas
  9696 | Lair:3   | Noticed Snorg
  9713 | Lair:3   | Killed Snorg
  9713 | Lair:3   | Reached XP level 12. HP: 35/119 MP: 15/15
 10034 | Lair:3   | Found a staircase to the Swamp.
 10075 | Lair:3   | Reached skill level 1 in Armour
 10536 | Lair:4   | Reached skill level 15 in Unarmed Combat
 11175 | Lair:5   | Noticed a six-headed hydra
 11182 | Lair:5   | Killed a six-headed hydra
 11464 | Lair:5   | Found a hole to the Spider Nest.
 12023 | Lair:6   | Found a staircase to the Slime Pits.
 12023 | Lair:6   | Found a viscous altar of Jiyva.
 12233 | Lair:6   | Reached skill level 16 in Unarmed Combat
 12318 | Lair:6   | Reached XP level 13. HP: 70/127 MP: 16/16
 13125 | Lair:7   | Reached skill level 1 in Invocations
 13298 | Lair:7   | Noticed Regen's ghost (powerful TrMo)
 13316 | Lair:7   | Killed Regen's ghost
 13781 | Lair:8   | Entered Level 8 of the Lair of Beasts
 13840 | Lair:8   | Reached skill level 17 in Unarmed Combat
 14292 | Lair:8   | Reached skill level 5 in Invocations
 14679 | Lair:8   | Noticed a dire elephant
 14679 | Lair:8   | Noticed a dire elephant
 14687 | Lair:8   | Killed a dire elephant
 14691 | Lair:8   | Killed a dire elephant
 14691 | Lair:8   | Reached XP level 14. HP: 66/136 MP: 1/17
 14787 | Lair:8   | Noticed a dire elephant
 14788 | Lair:8   | Noticed a dire elephant
 14797 | Lair:8   | Killed a dire elephant
 14890 | Lair:8   | Killed a dire elephant
 14890 | Lair:8   | Reached skill level 10 in Dodging
 15125 | Lair:8   | Noticed a dire elephant
 15130 | Lair:8   | Killed a dire elephant
 15186 | Lair:8   | Noticed a dire elephant
 15194 | Lair:8   | Killed a dire elephant
 15902 | D:10     | Noticed Nergalle
 15915 | D:10     | Killed Nergalle
 15925 | D:10     | Noticed Erica
 15955 | D:10     | Killed Erica
 16205 | D:10     | Noticed Joseph
 16207 | D:10     | Noticed a hill giant
 16217 | D:10     | Killed Joseph
 16223 | D:10     | Killed a hill giant
 16517 | D:10     | Found Stagemp's Armour Shop.
 16525 | D:10     | Bought a +2 robe of magic resistance for 247 gold pieces
 16738 | D:10     | Noticed Sonja
 16742 | D:10     | Sonja changed into something unseen
 16774 | D:10     | Killed Sonja the unseen horror
 17024 | D:11     | Noticed Josephine
 17035 | D:11     | Killed Josephine
 17082 | D:11     | Noticed Urug
 17091 | D:11     | Killed Urug
 17217 | D:11     | Found an opulent altar of Gozag.
 17221 | D:11     | Noticed Erolcha
 17229 | D:11     | Killed Erolcha
 17360 | D:11     | Noticed Fannar
 17363 | D:11     | Killed Fannar
 17369 | D:11     | Noticed Psyche
 17372 | D:11     | Killed Psyche
 17601 | D:11     | Found a staircase to the Orcish Mines.
 17914 | Orc:1    | Entered Level 1 of the Orcish Mines
 18790 | Orc:3    | Found a roughly hewn altar of Beogh.
 18904 | Orc:3    | Noticed an orc warlord
 18912 | Orc:3    | Killed an orc warlord
 19008 | Orc:3    | Found a roughly hewn altar of Beogh.
 19528 | Orc:3    | Noticed a fire giant
 19531 | Orc:3    | Reached XP level 15. HP: 94/149 MP: 22/22
 19538 | Orc:3    | Slain by a hill giant

Action                   |  1- 3 |  4- 6 |  7- 9 | 10-12 | 13-15 || total
-------------------------+-------+-------+-------+-------+-------++-------
Melee: Unarmed           |    90 |   147 |   302 |   658 |   861 ||  2058
Invok: Bend Time         |       |       |     1 |       |       ||     1
       Slouch            |       |       |       |       |     5 ||     5
Evoke: Wand              |       |     1 |     2 |    14 |    16 ||    33
  Use: Scroll            |       |     5 |    13 |     6 |    14 ||    38
       Potion            |       |       |     8 |     2 |     7 ||    17
 Stab: Sleeping          |     1 |     2 |     7 |    16 |     9 ||    35
       Distracted        |       |       |     1 |     1 |     2 ||     4
